Selects Australian Defense Battlegroup
Selects Australian Defense Battlegroup
Selects Australian Defense Battlegroup
Selects Australian Light Infantry Section
Australian Light Infantry Section
Australian Light Infantry Section
Construct Section Command Post
Construct Platoon Command Post
Selects CMP 15cwt Supply Run
Construct Company Command Post
Construct Field Infirmary
Selects Defensive Tactics
Selects Vehicle Over Repair
Selects Reinforced Resource Caches
Australian Light Infantry Section
6-pounder Anti-tank Gun Team
Selects Charged Creeping Barrage